BSA
KENILWORTH ACES @ PHILADELPHIA ATHLETICS
07/17/2030
 
TOP OF THE 1ST
Kenilworth Aces batting - Pitching for Philadelphia Athletics : RHP Roy March
Pitching: RHP Roy March
Batting: RHB Jorge Jiménez 0-0: Foul Ball, location: 2F
0-1: Called Strike
0-2: Foul Ball, location: 2F
0-2: Ball
1-2: Ball
2-2: Strikes out swinging
Batting: LHB Santiago Márquez 0-0: SINGLE (Groundball, 23) (infield hit)
Batting: LHB Barrett Waters 0-0: Fly out, F9 (Flyball, 9)
Batting: LHB Roy Patrick 0-0: Called Strike
0-1: Foul Ball, location: 2F
0-2: Foul Ball, location: 2F
0-2: Ball
1-2: Foul Ball, location: 2F
1-2: Ball
2-2: Fly out, F8 (Flyball, 8RM)
Top of the 1st over - 0 runs, 1 hit, 0 errors, 1 left on base; Kenilworth 0 - Philadelphia 0
BOTTOM OF THE 1ST
Philadelphia Athletics batting - Pitching for Kenilworth Aces : RHP Lorenzo Aguilar
Pitching: RHP Lorenzo Aguilar
Batting: RHB César García 0-0: Foul Ball, location: 2F
0-1: Called Strike
0-2: Foul Ball, location: 2F
0-2: Foul Ball, location: 2F
0-2: SINGLE (Flyball, 8RS)
Batting: LHB Brian Boone 0-0: Ball
1-0: Ball
2-0: Ball
3-0: Base on Balls
César García to second
Batting: RHB Miguel Encarnación 0-0: Called Strike
0-1: Ball
1-1: Ball
2-1: Foul Ball, location: 2F
2-2: Ball
3-2: SINGLE (Line Drive, 6MD)
César García to third
Brian Boone to second
Runner from 3rd tries for Home, throw and OUT!
Batting: RHB Tony Morton 0-0: Ball
Brian Boone is caught stealing 3rd base
1-0: Called Strike
1-1: Foul Ball, location: 2F
1-2: SINGLE (Line Drive, 89S)
Miguel Encarnación to second
Batting: LHB Carter Sweet 0-0: Called Strike
0-1: Ball
1-1: Called Strike
1-2: Fly out, F7 (Flyball, 7S)
Bottom of the 1st over - 0 runs, 3 hits, 0 errors, 2 left on base; Kenilworth 0 - Philadelphia 0
TOP OF THE 2ND
Kenilworth Aces batting - Pitching for Philadelphia Athletics : RHP Roy March
Batting: LHB Roger Moore 0-0: Foul Ball, location: 2F
0-1: Ball
1-1: Called Strike
1-2: SINGLE (Line Drive, 9S)
Batting: RHB Andrés Lara 0-0: Called Strike
0-1: Ball
1-1: Fly out, F4 (Flyball, 4MD)
Batting: RHB Luis Sánchez 0-0: Called Strike
0-1: DOUBLE (Flyball, 78D)
Roger Moore to third
Runner from 3rd tries for Home, SAFE, no throw
Batting: RHB Hollis Wood 0-0: Called Strike
0-1: Foul Ball, location: 2F
0-2: Fly out, F9 (Line Drive, 9LM)
Batting: RHB Taylor McFarland 0-0: Foul Ball, location: 2F
0-1: Swinging Strike
0-2: Fly out, F1 (Line Drive, 13)
Top of the 2nd over - 1 run, 2 hits, 0 errors, 1 left on base; Kenilworth 1 - Philadelphia 0
BOTTOM OF THE 2ND
Philadelphia Athletics batting - Pitching for Kenilworth Aces : RHP Lorenzo Aguilar
Batting: LHB John Peterson 0-0: Ball
1-0: Called Strike
1-1: Ball
2-1: Foul Ball, location: 2F
2-2: Ball
3-2: Ground out U3 (Groundball, 3)
Batting: SHB Héctor Padilla 0-0: Called Strike
0-1: SOLO HOME RUN (Flyball, 89XD), Distance : 415 ft
Batting: RHB Anastasio Villa 0-0: Called Strike
0-1: Called Strike
0-2: Ball
1-2: Fly out, F8 (Flyball, 8RM)
Batting: RHB Dick Slagboom 0-0: Foul Ball, location: 2F
0-1: Ball
1-1: Called Strike
1-2: Ball
2-2: Ball
3-2: SINGLE (Groundball, 34D)
Batting: RHB César García 0-0: Ball
1-0: Ball
2-0: Foul Ball, location: 2F
2-1: Foul Ball, location: 2F
2-2: SINGLE (Line Drive, 6M)
Dick Slagboom to second
Runner from 2nd tries for 3rd, SAFE, no throw
Batting: LHB Brian Boone 0-0: Foul Ball, location: 2F
0-1: Ball
1-1: Foul Ball, location: 2F
1-2: Foul Ball, location: 2F
1-2: Foul Ball, location: 2F
1-2: Strikes out swinging
Bottom of the 2nd over - 1 run, 3 hits, 0 errors, 2 left on base; Kenilworth 1 - Philadelphia 1
TOP OF THE 3RD
Kenilworth Aces batting - Pitching for Philadelphia Athletics : RHP Roy March
Batting: RHB Jorge Jiménez 0-0: Called Strike
0-1: Ball
1-1: Fly out, F8 (Flyball, 8RD)
Batting: LHB Santiago Márquez 0-0: Ball
1-0: Ball
2-0: Called Strike
2-1: Foul Ball, location: 2F
2-2: Strikes out swinging
Batting: LHB Barrett Waters 0-0: Swinging Strike
0-1: Ball
1-1: Ball
2-1: Fly out, F8 (Line Drive, 8RD)
Top of the 3rd over - 0 runs, 0 hits, 0 errors, 0 left on base; Kenilworth 1 - Philadelphia 1
BOTTOM OF THE 3RD
Philadelphia Athletics batting - Pitching for Kenilworth Aces : RHP Lorenzo Aguilar
Batting: RHB Miguel Encarnación 0-0: SINGLE (Popup, 4MD)
Batting: RHB Tony Morton 0-0: Ball
1-0: Grounds into double play, 5-4-3 (Groundball, 56)
Batting: LHB Carter Sweet 0-0: Ball
1-0: Ball
2-0: Called Strike
2-1: Foul Ball, location: 2F
2-2: Ball
3-2: SINGLE (Groundball, 34D)
Batting: LHB John Peterson 0-0: Ball
1-0: Called Strike
1-1: Fly out, F3 (Popup, 34S)
Bottom of the 3rd over - 0 runs, 2 hits, 0 errors, 1 left on base; Kenilworth 1 - Philadelphia 1
TOP OF THE 4TH
Kenilworth Aces batting - Pitching for Philadelphia Athletics : RHP Roy March
Batting: LHB Roy Patrick 0-0: Foul Ball, location: 2F
0-1: Ball
1-1: Ball
2-1: Ball
3-1: Fly out, F7 (Flyball, 7LSF)
Batting: LHB Roger Moore 0-0: Foul Ball, location: 2F
0-1: Swinging Strike
0-2: DOUBLE (Flyball, 8LXD)
Batting: RHB Andrés Lara 0-0: Ball
1-0: Fly out, F8 (Flyball, 8RS)
Now in CF: Felipe Rivera
Batting: RHB Luis Sánchez 0-0: Ball
1-0: Foul Ball, location: 2F
1-1: Foul Ball, location: 2F
1-2: Ball
2-2: Ball
3-2: Base on Balls
Batting: RHB Hollis Wood 0-0: Called Strike
0-1: Fly out, F5 (Popup, 6S)
Top of the 4th over - 0 runs, 1 hit, 0 errors, 2 left on base; Kenilworth 1 - Philadelphia 1
BOTTOM OF THE 4TH
Philadelphia Athletics batting - Pitching for Kenilworth Aces : RHP Lorenzo Aguilar
Batting: SHB Héctor Padilla 0-0: Called Strike
0-1: Ball
1-1: Ball
2-1: Ball
3-1: Base on Balls
Batting: RHB Anastasio Villa 0-0: Ball
Héctor Padilla is caught stealing 2nd base
1-0: Foul Ball, location: 2F
1-1: Swinging Strike
1-2: Ground out 6-3 (Groundball, 56D)
Batting: RHB Dick Slagboom 0-0: Called Strike
0-1: Ball
1-1: Ball
2-1: Called Strike
2-2: Strikes out swinging
Bottom of the 4th over - 0 runs, 0 hits, 0 errors, 0 left on base; Kenilworth 1 - Philadelphia 1
TOP OF THE 5TH
Kenilworth Aces batting - Pitching for Philadelphia Athletics : RHP Roy March
Batting: RHB Taylor McFarland 0-0: Ball
1-0: Foul Ball, location: 2F
1-1: Swinging Strike
1-2: Ball
2-2: Foul Ball, location: 2F
2-2: Foul Ball, location: 2F
2-2: Strikes out swinging
Batting: RHB Jorge Jiménez 0-0: Ball
1-0: Foul Ball, location: 2F
1-1: Swinging Strike
1-2: Foul Ball, location: 2F
1-2: Ball
2-2: Fly out, F8 (Line Drive, 78D)
Batting: LHB Santiago Márquez 0-0: Ball
1-0: Called Strike
1-1: Ball
2-1: Swinging Strike
2-2: Fly out, F6 (Popup, 6)
Top of the 5th over - 0 runs, 0 hits, 0 errors, 0 left on base; Kenilworth 1 - Philadelphia 1
BOTTOM OF THE 5TH
Philadelphia Athletics batting - Pitching for Kenilworth Aces : RHP Lorenzo Aguilar
Batting: RHB César García 0-0: Ground out 6-3 (Groundball, 4M)
Batting: LHB Brian Boone 0-0: Ball
1-0: Called Strike
1-1: Ball
2-1: Called Strike
2-2: Foul Ball, location: 2F
2-2: Ball
3-2: Foul Ball, location: 2F
3-2: Strikes out swinging
Batting: RHB Miguel Encarnación 0-0: Foul Ball, location: 2F
0-1: SINGLE (Line Drive, 8LS)
Batting: RHB Felipe Rivera 0-0: Foul Ball, location: 2F
0-1: Ball
1-1: Ground out 1-3 (Groundball, 15S)
Bottom of the 5th over - 0 runs, 1 hit, 0 errors, 1 left on base; Kenilworth 1 - Philadelphia 1
TOP OF THE 6TH
Kenilworth Aces batting - Pitching for Philadelphia Athletics : RHP Roy March
Batting: LHB Barrett Waters 0-0: Ball
1-0: Called Strike
1-1: Called Strike
1-2: Strikes out looking
Batting: LHB Roy Patrick 0-0: Called Strike
0-1: Ground out 5-3 (Groundball, 56S)
Batting: LHB Roger Moore 0-0: Called Strike
0-1: Called Strike
0-2: Fly out, F9 (Flyball, 9S)
Top of the 6th over - 0 runs, 0 hits, 0 errors, 0 left on base; Kenilworth 1 - Philadelphia 1
BOTTOM OF THE 6TH
Philadelphia Athletics batting - Pitching for Kenilworth Aces : RHP Lorenzo Aguilar
Batting: LHB Carter Sweet 0-0: Swinging Strike
0-1: Ball
1-1: Fly out, F8 (Flyball, 89M)
Batting: LHB John Peterson 0-0: Ball
1-0: Foul Ball, location: 2F
1-1: SINGLE (Groundball, 34D)
Batting: SHB Héctor Padilla 0-0: Called Strike
0-1: SINGLE (Groundball, 3D)
John Peterson to second
Runner from 2nd tries for 3rd, SAFE, no throw
Batting: RHB Anastasio Villa 0-0: Grounds into double play, 6-4-3 (Groundball, 6M)
Bottom of the 6th over - 0 runs, 2 hits, 0 errors, 1 left on base; Kenilworth 1 - Philadelphia 1
TOP OF THE 7TH
Kenilworth Aces batting - Pitching for Philadelphia Athletics : RHP Roy March
Batting: RHB Andrés Lara 0-0: Ball
1-0: Ball
2-0: Ball
3-0: Called Strike
3-1: Base on Balls
Batting: RHB Luis Sánchez 0-0: Ball
1-0: Foul Ball, location: 2F
1-1: Ball
2-1: Swinging Strike
2-2: Fielders Choice at 2nd, 4-6 (Groundball, 4)
Batting: RHB Hollis Wood 0-0: Ball
1-0: Ball
2-0: Ground out 5-3 (Groundball, 2L)
Luis Sánchez to second
Batting: RHB Taylor McFarland 0-0: Called Strike
0-1: Ground out 6-3 (Groundball, 6)
Top of the 7th over - 0 runs, 0 hits, 0 errors, 1 left on base; Kenilworth 1 - Philadelphia 1
BOTTOM OF THE 7TH
Philadelphia Athletics batting - Pitching for Kenilworth Aces : RHP Lorenzo Aguilar
Batting: RHB Dick Slagboom 0-0: Ball
1-0: SINGLE (Groundball, 56D)
Batting: RHB César García 0-0: Ball
1-0: Ball
2-0: Foul Ball, location: 2F
2-1: Swinging Strike
2-2: Ball
3-2: Grounds into double play, 5-4-3 (Groundball, 56)
Batting: LHB Brian Boone 0-0: Called Strike
0-1: Ball
1-1: Called Strike
1-2: Ball
2-2: Strikes out swinging
Bottom of the 7th over - 0 runs, 1 hit, 0 errors, 0 left on base; Kenilworth 1 - Philadelphia 1
TOP OF THE 8TH
Kenilworth Aces batting - Pitching for Philadelphia Athletics : RHP Roy March
Pitching: LHP Yu-shu Kong
Batting: RHB Jorge Jiménez 0-0: Swinging Strike
0-1: Ball
1-1: Called Strike
1-2: Ball
2-2: SINGLE (Groundball, 4MS) (infield hit)
Batting: LHB Santiago Márquez 0-0: Called Strike
0-1: Ball
1-1: Sac Bunt - play at first, batter OUT! 1-4
Jorge Jiménez to second
Batting: LHB Barrett Waters 0-0: Intentional Walk
Batting: LHB Roy Patrick 0-0: Called Strike
0-1: Swinging Strike
0-2: Ball
1-2: Ball
2-2: Strikes out swinging
Batting: LHB Roger Moore 0-0: Called Strike
0-1: Foul Ball, location: 2F
0-2: Foul Ball, location: 2F
0-2: Foul Ball, location: 2F
0-2: Ground out 4-3 (Groundball, 4D)
Top of the 8th over - 0 runs, 1 hit, 0 errors, 2 left on base; Kenilworth 1 - Philadelphia 1
BOTTOM OF THE 8TH
Philadelphia Athletics batting - Pitching for Kenilworth Aces : RHP Lorenzo Aguilar
Batting: RHB Miguel Encarnación 0-0: Foul Ball, location: 2F
0-1: Ball
1-1: Called Strike
1-2: Ball
2-2: Strikes out swinging
Pitching: RHP Scot MacIntosh
Batting: RHB Felipe Rivera 0-0: Foul Ball, location: 2F
0-1: Ball
1-1: Ball
2-1: Foul Ball, location: 2F
2-2: Ball
3-2: Foul Ball, location: 2F
3-2: Strikes out swinging
Pitching: LHP Mark Murchison
Batting: LHB Carter Sweet 0-0: Foul Ball, location: 2F
0-1: Ball
1-1: Swinging Strike
1-2: Ball
2-2: Ball
3-2: Ground out 1-3 (Groundball, 13S)
Bottom of the 8th over - 0 runs, 0 hits, 0 errors, 0 left on base; Kenilworth 1 - Philadelphia 1
TOP OF THE 9TH
Kenilworth Aces batting - Pitching for Philadelphia Athletics : LHP Yu-shu Kong
Pitching: RHP António López
Pinch Hitting: SHB Julián Madrid 0-0: Foul Ball, location: 2F
0-1: Foul Ball, location: 2F
0-2: Ball
1-2: Ball
2-2: Ground out 6-3 (Groundball, 6)
Batting: RHB Luis Sánchez 0-0: Ball
1-0: Called Strike
1-1: Ground out 5-3 (Groundball, 56S)
Batting: RHB Hollis Wood 0-0: Ball
1-0: Called Strike
1-1: Ball
2-1: Foul Ball, location: 2F
2-2: SINGLE (Groundball, 6MD)
Batting: RHB Taylor McFarland 0-0: Fly out, F4 (Popup, 34)
Top of the 9th over - 0 runs, 1 hit, 0 errors, 1 left on base; Kenilworth 1 - Philadelphia 1
BOTTOM OF THE 9TH
Philadelphia Athletics batting - Pitching for Kenilworth Aces : LHP Mark Murchison
Pitching: RHP Robinson Gonzáles
Now in RF: Wilbert Rodgers
Batting: LHB John Peterson 0-0: Foul Ball, location: 2F
0-1: Fly out, F8 (Flyball, 8RXD)
Batting: SHB Héctor Padilla 0-0: Fly out, F4 (Line Drive, 4)
Batting: RHB Anastasio Villa 0-0: Ball
1-0: Swinging Strike
1-1: Ball
2-1: Foul Ball, location: 2F
2-2: Fly out, F8 (Line Drive, 8LD)
Bottom of the 9th over - 0 runs, 0 hits, 0 errors, 0 left on base; Kenilworth 1 - Philadelphia 1
TOP OF THE 10TH
Kenilworth Aces batting - Pitching for Philadelphia Athletics : RHP António López
Batting: RHB Jorge Jiménez 0-0: Ball
1-0: Fly out, F9 (Flyball, 9S)
Batting: LHB Santiago Márquez 0-0: Ball
1-0: Foul Ball, location: 2F
1-1: Called Strike
1-2: Ball
2-2: Fly out, F9 (Flyball, 9)
Batting: LHB Barrett Waters 0-0: Swinging Strike
0-1: Ball
1-1: Swinging Strike
1-2: Ball
2-2: Strikes out looking
Top of the 10th over - 0 runs, 0 hits, 0 errors, 0 left on base; Kenilworth 1 - Philadelphia 1
BOTTOM OF THE 10TH
Philadelphia Athletics batting - Pitching for Kenilworth Aces : RHP Robinson Gonzáles
Pinch Hitting: LHB Arturo Molina 0-0: Ball
1-0: Ball
2-0: Ball
3-0: Base on Balls
Batting: RHB César García 0-0: Foul Ball, location: 2F
0-1: Ball
1-1: Foul Ball, location: 2F
1-2: Strikes out looking
Batting: LHB Brian Boone 0-0: Foul Ball, location: 2F
0-1: 2-RUN HOME RUN (Line Drive, 89XD), Distance : 419 ft
Saturday, April 7th, 2018 - OOTP Baseball 18.8 Build 76